 Dungeon Crawl Stone Soup version 0.21-a0-221-gfe971b9 (webtiles) character file.

10460 tehllama the Martial Artist (level 11, 0/70 HPs)
             Began as an Octopode Transmuter on Aug 26, 2017.
             Was an Initiate of Gozag.
             Slain by an elephant (12 damage)
             ... on level 2 of the Lair of Beasts on Aug 27, 2017.
             The game lasted 00:29:38 (14925 turns).

tehllama the Martial Artist (Octopode Transmuter)  Turns: 14925, Time: 00:29:39

Health: 0/70       AC:  2    Str: 12    XL:     11   Next: 62%
Magic:  13/18      EV: 26    Int: 16    God:    Gozag
Gold:   234        SH:  0    Dex: 23    Spells: 8/20 levels left

rFire    . . .     SeeInvis .     - Unarmed
rCold    . . .     Gourm    .   (shield currently unavailable)
rNeg     + . .     Faith    .   (helmet currently unavailable)
rPois    .         Spirit   .   F - amulet of magic regeneration
rElec    .         Reflect  .   t - ring of positive energy
rCorr    .         Harm     .   q - +5 ring of dexterity
MR       .....                  O - ring of poison resistance
Stlth    +++++.....             (no ring)
HPRegen  0.21/turn              (no ring)
MPRegen  0.41/turn              (no ring)
                                (no ring)
                                (no ring)

@: spider-form, gold aura
A: almost no armour, stealthy swim, (amphibious), 8 rings, (constrict 8)
a: End Transformation, Potion Petition, Call Merchant, Bribe Branch, Renounce
Religion


You were on level 2 of the Lair of Beasts.
You worshipped Gozag.
Gozag was aware of your devotion.
You were not hungry.
You were a venomous arachnid creature.
You visited 3 branches of the dungeon, and saw 14 of its levels.

You collected 1724 gold pieces.
You spent 715 gold pieces at shops.
You paid 775 gold pieces to Gozag.

Inventory:

Missiles
 a - 220 arrows (quivered)
Armour
 H - a +1 hat (melded)
Jewellery
 q - a +5 ring of dexterity (right front leg)
 t - a ring of positive energy (left front leg)
 F - an amulet of magic regeneration (around neck)
 O - a ring of poison resistance (on tentacle)
Wands
 e - a wand of disintegration (0/24)
 k - a wand of flame (15/48)
 z - a wand of disintegration (9/24)
 E - a wand of disintegration (10/24)
 G - a wand of iceblast (5/15)
Scrolls
 h - 3 scrolls of magic mapping
 i - 2 scrolls of blinking {unknown}
 j - 5 scrolls of remove curse
 l - 3 scrolls of fog {unknown}
 n - 4 scrolls of enchant armour {unknown}
 r - 5 scrolls of teleportation
 x - 4 scrolls of enchant weapon {unknown}
 y - 3 scrolls of random uselessness {unknown}
Potions
 b - a potion of mutation
 p - a potion of lignification
 u - a potion of magic
 w - 2 potions of invisibility
 A - a potion of haste
 B - a potion of agility
 C - 6 potions of curing
 R - 2 potions of brilliance
 U - 3 potions of might
Comestibles
 c - 8 bread rations
 M - 3 meat rations
 N - 3 royal jellies


   Skills:
 - Level 4.8 Fighting
 - Level 5.9 Dodging
 - Level 8.9 Stealth
 - Level 9.5 Unarmed Combat
 - Level 5.2 Spellcasting
 * Level 8.8 Transmutations
 * Level 3.1 Earth Magic
 - Level 3.3 Poison Magic
 - Level 5.9 Evocations


You had 8 spell levels left.
You knew the following spells:

 Your Spells              Type           Power        Failure   Level  Hunger
a - Beastly Appendage     Tmut           ####..       3%          1    None
b - Sticks to Snakes      Tmut           ####....     3%          2    #......
c - Spider Form           Tmut/Pois      ###.......   12%         3    ###....
d - Statue Form           Tmut/Erth      ###......    97%         6    #######


Dungeon Overview and Level Annotations

Branches:
Dungeon (11/15)            Temple (1/1) D:6            Lair (2/6) D:9
  Swamp: Lair:2-4    Shoals: Lair:2-4     Snake: Lair:2-4    Spider: Lair:2-4
    Orc: D:9-12

Altars:
Ashenzari
Cheibriados
Dithmenos
Elyvilon
Fedhas
Gozag
Hepliaklqana
Kikubaaqudgha
Makhleb
Nemelex Xobeh
Okawaru
Qazlal
Ru
Sif Muna
Trog
Uskayaw
Vehumet
Wu Jian
Xom
Yredelemnul
Zin
The Shining One

Shops:
Lair:1 :


Innate Abilities, Weirdness & Mutations

You cannot wear most types of armour.
You are very stealthy in the water. (Stealth+)
((You are amphibious.))
You can wear up to eight rings at the same time.
((You can use your tentacles to constrict eight enemies at once.))
((Your skin changes colour to match your surroundings (Stealth+).))
((Your rubbery body absorbs attacks. (AC +1, EV +1)))


Message History

The elephant tramples your ball python!
Your ball python stumbles backwards!
Your ball python dies!
You kill the elephant!
You kill the elephant!
Your Earth Magic skill increases to level 3!
Casting: Sticks to Snakes
Confirm with . or Enter, or press ? or * to list all spells.
You turn into a venomous arachnid creature.
Your +1 hat melds into your body.
The elephant is distracted by the nearby gold.
You see here 26 stones.
The elephant is no longer distracted by gold.
The elephant tramples you!
* * * LOW HITPOINT WARNING * * *
You stumble backwards!
You hit the elephant but do no damage.
The elephant looks even sicker.
The elephant is heavily wounded.
The elephant tramples you!
You die...
Your body crumbles into a pile of gold.

############ ### ####
#.##P#.#..P###.#####...
#..$.Ys.(..............
#..####................
#(.#.##PP..#....#..##..
##.Y#............##.#.##
#...#....).##...........
#P..'......##...........
##..##.....P#...........
#..##......#..>.......#
#..##...#P.#....P.....#


You could see an elephant.

Vanquished Creatures
  4 two-headed ogres
  2 cyclopes (D:11)
  2 elephants (Lair:2)
  A komodo dragon (Lair:1)
  A troll (D:10)
  2 hippogriffs
  5 yaks
  A human (D:10)
  3 hogs (D:10)
  Menkaure (D:6)
  A soldier ant (D:11)
  A water moccasin (D:9)
  3 ogres
  A hornet zombie (D:10)
  A phantom (D:5)
  An eye of draining (D:9)
  A necrophage (D:8)
  2 black bears
  7 centaurs
  Blork the orc (D:6)
  A big kobold (D:10)
  7 bullfrogs
  A wyvern zombie (D:8)
  5 scorpions
  A howler monkey (D:6)
  4 jellies
  8 crimson imps
  A bullfrog zombie (D:5)
  8 hounds
  A quasit (D:8)
  2 centaur skeletons
  5 orc priests
  Crazy Yiuf (D:6)
  10 orc wizards
  2 bullfrog skeletons
  3 iguanas
  Terence (D:2)
  Natasha (thrice) (D:2)
  3 worker ants
  A killer bee zombie (D:7)
  4 gnolls (D:3)
  9 adders
  4 shadow imps
  2 adder skeletons
  2 adder zombies
  4 dart slugs
  5 leopard geckos
  28 orcs
  7 giant cockroaches
  6 goblins
  9 hobgoblins
  11 jackals
  17 kobolds
  5 quokkas
  A ball python (D:3)
  8 bats
  5 frilled lizards
  2 goblin skeletons (D:8)
  A goblin zombie (D:8)
  A hobgoblin zombie (D:8)
  A jackal skeleton (D:5)
  A kobold skeleton (D:8)
  A kobold zombie (D:8)
  A leopard gecko skeleton (D:8)
  3 leopard gecko zombies
  An orc skeleton (D:8)
  An orc zombie (D:8)
  2 quokka skeletons (D:6)
  5 rats
256 creatures vanquished.

Vanquished Creatures (collateral kills)
  A basilisk (Lair:2)
  A porcupine (Lair:1)
  A centaur zombie (D:8)
  An adder (D:8)
4 creatures vanquished.

Vanquished Creatures (others)
  A quokka (D:6)
  2 fungi (Lair:1)
3 creatures vanquished.

Grand Total: 263 creatures vanquished

Notes
Turn   | Place    | Note
-------+----------+-------------------------------------------
     0 | D:1      | tehllama the Octopode Transmuter began the quest for the Orb.
     0 | D:1      | Reached XP level 1. HP: 13/13 MP: 3/3
   165 | D:1      | Reached XP level 2. HP: 13/18 MP: 5/5
   556 | D:1      | Reached skill level 4 in Unarmed Combat
   676 | D:1      | Reached XP level 3. HP: 22/23 MP: 6/6
   680 | D:1      | Learned a level 2 spell: Sticks to Snakes
   684 | D:1      | Learned a level 3 spell: Spider Form
   823 | D:2      | Reached skill level 1 in Stealth
  1013 | D:2      | Noticed Terence
  1027 | D:2      | Killed Terence
  1027 | D:2      | Reached XP level 4. HP: 25/28 MP: 3/7
  1204 | D:2      | Noticed Natasha
  1503 | D:2      | Killed Natasha
  1837 | D:2      | Found a snail-covered altar of Cheibriados.
  1864 | D:2      | Found a white marble altar of Elyvilon.
  1883 | D:2      | Reached XP level 5. HP: 33/33 MP: 8/8
  2011 | D:2      | Noticed Natasha
  2013 | D:2      | Found a deep blue altar of Sif Muna.
  2020 | D:2      | Killed Natasha
  2020 | D:2      | Reached skill level 5 in Unarmed Combat
  2365 | D:2      | Noticed Natasha
  2378 | D:2      | Killed Natasha
  3104 | D:3      | Reached XP level 6. HP: 38/38 MP: 4/9
  3662 | D:3      | Reached skill level 5 in Stealth
  4329 | D:4      | Reached skill level 1 in Evocations
  4634 | D:5      | Entered Level 5 of the Dungeon
  4779 | D:5      | Noticed a two-headed ogre
  4854 | D:5      | Killed a two-headed ogre
  4854 | D:5      | Reached skill level 6 in Unarmed Combat
  4854 | D:5      | Reached XP level 7. HP: 18/43 MP: 2/11
  4854 | D:5      | Reached XP level 8. HP: 20/48 MP: 2/12
  5795 | D:5      | Found an iron altar of Okawaru.
  6188 | D:6      | Reached skill level 7 in Unarmed Combat
  6252 | D:6      | Found a runed door.
  6423 | D:6      | Noticed Crazy Yiuf
  6431 | D:6      | Killed Crazy Yiuf
  6546 | D:6      | Noticed Menkaure
  6558 | D:6      | Killed Menkaure
  6558 | D:6      | Reached XP level 9. HP: 52/53 MP: 10/14
  6606 | D:6      | Noticed Blork the orc
  6620 | D:6      | Killed Blork the orc
  6620 | D:6      | Reached skill level 5 in Transmutations
  6786 | D:6      | Found a staircase to the Ecumenical Temple.
  6801 | Temple   | Entered the Ecumenical Temple
  6887 | Temple   | Became a worshipper of Gozag Ym Sagoz the Greedy
  9139 | D:8      | Noticed a two-headed ogre
  9156 | D:8      | Killed a two-headed ogre
  9156 | D:8      | Reached skill level 8 in Unarmed Combat
  9156 | D:8      | Reached XP level 10. HP: 25/63 MP: 13/16
  9371 | D:8      | Noticed a two-headed ogre
  9398 | D:8      | Killed a two-headed ogre
  9398 | D:8      | Reached skill level 5 in Evocations
  9933 | D:8      | Reached skill level 5 in Dodging
  9985 | D:8      | Found a bloodstained altar of Trog.
 10097 | D:8      | Noticed a two-headed ogre
 10151 | D:8      | Killed a two-headed ogre
 10315 | D:8      | Found a glowing golden altar of the Shining One.
 11256 | D:9      | Found a shimmering altar of Xom.
 11263 | D:9      | Reached skill level 9 in Unarmed Combat
 11360 | D:9      | Found a hide-covered altar of Uskayaw.
 11600 | D:9      | Found a staircase to the Lair.
 11634 | D:10     | Entered Level 10 of the Dungeon
 11754 | D:10     | Noticed a kobold demonologist
 12061 | D:10     | Reached XP level 11. HP: 27/69 MP: 18/18
 12382 | D:10     | Reached skill level 5 in Spellcasting
 13218 | D:11     | Noticed a cyclops
 13341 | D:11     | Killed a cyclops
 13865 | D:11     | Noticed a cyclops
 13877 | D:11     | Killed a cyclops
 14138 | Lair:1   | Entered Level 1 of the Lair of Beasts
 14161 | Lair:1   | Bought a book of the Earth for 715 gold pieces
 14168 | Lair:1   | Learned a level 6 spell: Statue Form
 14637 | Lair:1   | Reached skill level 1 in Earth Magic
 14662 | Lair:1   | Noticed an eight-headed hydra
 14925 | Lair:2   | Slain by an elephant

Vault maps used:
D:1:      noname_arrival_rooms_in_the_neighbourhood
D:2:      lemuel_doored_altar, overflow_temple_1_default, marbit_many_paths,
          uniq_natasha, uniq_terence
D:3:      first_bread
D:5:      okawaru_trees_2
D:6:      lemuel_temple_firewalk_a, uniq_grinder, uniq_menkaure,
          uniq_crazy_yiuf_cottage, uniq_blork_the_orc
D:8:      nicolae_tso_besieged_by_evil, lightli_temple_of_fire
D:9:      kennysheep_mini, lair_entry_dummy, basic_altar
D:10:     special_room, grunt_livestock, nicolae_two_hexagons
Temple:   lightli_temple_of_artemis
Lair:1:   lemuel_fruit_tree
Lair:2:   minmay_shoals_entry_lonely_mermaid, uniq_fannar

Skill      XL: |  1  2  3  4  5  6  7  8  9 10 11 |
---------------+----------------------------------+-----
Unarmed Combat | 4 5 6 7 8 9 |  9.5
Stealth        | 2 3 4 5 6 7 8 |  8.9
Evocations     | 2 3 4 5 |  5.9
Dodging        | 3 4 5 |  5.9
Transmutations | 3 4 6 7 8 |  8.8
Poison Magic   | 2 3 |  3.3
Spellcasting   | 3 4 5 |  5.2
Fighting       | 3 4 |  4.8
Earth Magic    | 3 |  3.1

Action                   |  1- 3 |  4- 6 |  7- 9 | 10-12 || total
-------------------------+-------+-------+-------+-------++-------
Melee: Unarmed           |    68 |   139 |   283 |   313 ||   803
       Constrict         |    16 |    27 |    24 |    14 ||    81
       Tentacles         |    12 |    10 |    21 |    16 ||    59
       Punch             |     4 |     2 |     2 |     3 ||    11
       Kick              |     2 |     2 |     2 |     4 ||    10
 Cast: Beastly Appendage |     1 |     2 |     2 |     3 ||     8
       Spider Form       |     1 |     8 |    22 |    35 ||    66
       Sticks to Snakes  |       |     1 |     3 |    49 ||    53
Invok: Call Merchant     |       |       |       |     1 ||     1
Evoke: Wand              |       |     2 |       |     5 ||     7
  Use: Potion            |       |     5 |       |     3 ||     8
       Scroll            |       |       |     7 |    15 ||    22
 Stab: Sleeping          |     6 |    16 |     8 |    14 ||    44
       Distracted        |       |       |       |     1 ||     1
  Eat: Chunk             |       |    14 |     8 |       ||    22
       Meat ration       |       |       |     2 |     1 ||     3
       Royal jelly       |       |       |     1 |     3 ||     4
       Fruit             |       |       |     1 |       ||     1
       Bread ration      |       |       |       |     2 ||     2
Armor: Skin              |     3 |    28 |     6 |    12 ||    49
Dodge: Dodged            |    41 |   139 |   226 |   270 ||   676

Table legend:
 A = Spawn XP
 B = Non-spawn XP
 C = Spawn XP percentage of total XP
 D = Spawn monster count
 E = Non-spawn monster count
 F = Spawn count percentage of total count
 G = Total turns spent on level
                    A         B        C        D         E        F      G
               +---------+---------+-------+---------+---------+-------+---------
         Total |    3317 |   11627 |  22.2 |      54 |     206 |  20.8 | 14925
               +---------+---------+-------+---------+---------+-------+---------
           D:1 |       4 |      36 |  10.0 |       3 |      19 |  13.6 |  1088
           D:2 |       5 |     192 |   2.5 |       3 |      24 |  11.1 |  1559
           D:3 |       4 |     257 |   1.5 |       2 |      27 |   6.9 |  1201
           D:4 |      36 |       2 |  94.7 |       2 |       1 |  66.7 |   786
           D:5 |     297 |    1262 |  19.1 |       8 |      15 |  34.8 |  1543
           D:6 |     219 |     794 |  21.6 |       4 |      24 |  14.3 |  1308
           D:7 |     285 |     430 |  39.9 |       8 |       8 |  50.0 |  1181
           D:8 |    1050 |    2696 |  28.0 |      12 |      29 |  29.3 |  1829
           D:9 |      67 |    1088 |   5.8 |       1 |      20 |   4.8 |  1072
          D:10 |     130 |    2019 |   6.0 |       1 |      24 |   4.0 |  1364
          D:11 |     476 |    1332 |  26.3 |       6 |       9 |  40.0 |  1098
        Lair:1 |     744 |     386 |  65.8 |       4 |       2 |  66.7 |   535
        Lair:2 |       0 |    1133 |   0.0 |       0 |       4 |   0.0 |   250
               +---------+---------+-------+---------+---------+-------+---------
